AoeStats
← tjcameron2011

Arena

510431868Analyzed
1v1 RM · 17h ago on Oct 1, 2026· 50m 59s· 2 players
Game mode
Random Map
Map size
Tiny (2 player)
Population
200
Speed
Normal
Resources
Standard
Victory
Conquest
Starting age
Dark Age
Ending age
Imperial Age
RankedLock teamsTeams togetherTeam positionsShared explorationLock speedFull tech treeHidden civsTurbo modeCheats
Victory
Defeat
🇺🇸 Ethiopians · United States
663
+14
🇺🇸 Japanese · United States
614
-14
Snacks
5:10 Loom
10:35 Feudal Age
12:04 Town Watch
14:51 Castle Age
13:11 Double-Bit Axe
19:57 Fervor
20:24 Bow Saw
22:26 Town Patrol
25:24 Wheelbarrow
27:06 Hand Cart
26:49 Horse Collar
27:37 Fletching
27:50 Padded Archer Armor
30:14 Squires
30:15 Bodkin Arrow
30:35 Leather Archer Armor
34:15 Imperial Age
32:03 Forging
31:54 Scale Mail Armor
33:42 Royal Heirs
34:18 Elite Shotel Warrior
35:01 Torsion Engines
34:31 Capped Ram
36:40 Chain Mail Armor
37:19 Iron Casting
41:44 Bracer
42:14 Ring Archer Armor
42:15 Plate Mail Armor
42:46 Blast Furnace
42:09 Ballistics
42:50 Chemistry
41:56 Siege Engineers
42:32 Thumb Ring
41:48 Crossbowman
48:05 Arbalester
49:45 Conscription
tjcameron2011
6:18 Loom
10:37 Feudal Age
12:06 Wheelbarrow
11:20 Town Watch
11:47 Double-Bit Axe
12:14 Horse Collar
19:33 Castle Age
18:09 Gold Mining
19:08 Stone Mining
19:57 Fletching
20:17 Forging
19:52 Elite Skirmisher
20:37 Scale Mail Armor
21:15 Bow Saw
21:54 Heavy Plow
21:58 Squires
22:18 Pikeman
23:48 Arson
23:50 Gambesons
25:33 Hand Cart
28:32 Gold Shaft Mining
29:14 Iron Casting
29:10 Town Patrol
31:46 Fervor
31:49 Redemption
32:08 Ballistics
31:29 Treadmill Crane
31:59 Masonry
31:41 Guard Tower
32:59 Murder Holes
33:17 Padded Archer Armor
34:43 Leather Archer Armor
36:24 Yasama
38:59 Imperial Age
37:34 Thumb Ring
36:50 Crossbowman
38:40 Bodkin Arrow
39:01 Chain Mail Armor
39:02 Elite Samurai
40:05 Kataparuto
40:06 Conscription
39:38 Halberdier
40:33 Arrowslits
41:50 Chemistry
43:46 Plate Mail Armor
44:16 Blast Furnace
43:17 Bracer
43:23 Scale Barding Armor
43:48 Ring Archer Armor
45:43 Two-Man Saw
45:47 Bloodlines
45:37 Husbandry
44:58 Light Cavalry
44:59 Cavalier
45:52 Arbalester
49:02 Onager
50:35 Capped Ram
Connection lost

Rejoining the realm…

Still unreachable

The connection could not be restored.

Session expired

The server has moved on; the page needs a fresh start.